 Dungeon Crawl Stone Soup version 0.25-a0-578-gc91f01c39c (webtiles) character file.

Game seed: 17065786202701289545, levelgen mode: deterministic

28 Esekla the Ducker (level 2, 0/14 HPs)
             Began as a Spriggan Artificer on Mar 6, 2020.
             Slain by an adder (3 damage)
             ... on level 2 of the Dungeon.
             The game lasted 00:05:41 (1124 turns).

Esekla the Ducker (Spriggan Artificer)              Turns: 1124, Time: 00:05:42

Health: 0/14       AC:  2    Str:  8    XL:     2   Next: 96%
Magic:  6/6        EV: 19    Int: 12    God:
Gold:   88         SH:  0    Dex: 16    Spells: 1/1 levels left

rFire    . . .     SeeInvis +   m - +0 dagger (speed)
rCold    + . .     Gourm    .   (shield restricted)
rNeg     . . .     Faith    .   b - +0 robe
rPois    .         Spirit   .   (helmet restricted)
rElec    .         Reflect  .   (no cloak)
rCorr    .         Harm     .   (gloves unavailable)
MR       .....                  (boots unavailable)
Stlth    +.........             (no amulet)
HPRegen  0.04/turn              j - ring of protection from cold
MPRegen  0.10/turn              k - ring of attention (curse)

@: lethally poisoned (0 -> -2), very quick
A: very small, unfitting armour, see invisible, herbivore, speed 3, slow
metabolism 2
a: no special abilities


You were on level 2 of the Dungeon.
You were not hungry.

You visited 1 branch of the dungeon, and saw 2 of its levels.

You collected 88 gold pieces.

Inventory:

Hand Weapons
 m - a +0 dagger of speed (weapon)
Armour
 b - a +0 robe (worn)
Jewellery
 j - a ring of protection from cold (left hand)
 k - a cursed ring of attention (right hand)
Wands
 c - a wand of flame (15)
 d - a wand of enslavement (15)
 e - a wand of random effects (15)
Scrolls
 h - a scroll of identify
Potions
 g - 2 potions of brilliance
 i - a potion of stabbing
 l - a potion of heal wounds
Comestibles
 f - 2 rations


   Skills:
 - Level 0.7 Fighting
 * Level 2.1 Short Blades
 * Level 4.2 Dodging
 + Level 2.1 Stealth
 - Level 4.0 Evocations


You had one spell level left.
You didn't know any spells.
Your spell library was empty.

Dungeon Overview and Level Annotations

Branches:
Dungeon (2/15)

Altars:


Innate Abilities, Weirdness & Mutations

You are very small and have problems with some larger weapons.
You are too small for most types of armour.
You have supernaturally acute eyesight. (SInv)
You are a herbivore.
You cover ground extremely quickly.
You need to consume almost no food.


Message History

You hit the adder.
The adder is heavily wounded.
You hit the adder but do no damage.
The adder is heavily wounded.
The adder barely misses you.
You miss the adder.
The adder is heavily wounded.
You feel sick. The adder closely misses you.
You hit the adder but do no damage.
The adder is heavily wounded.
The adder barely misses you.
You hit the adder.
The adder is severely wounded.
You hit the adder.
The adder is severely wounded.
The adder closely misses you.
You closely miss the adder.
The adder is severely wounded.
The adder bites you.
You die...

.# ###.#
##...##
##.>...##
#.......#
#......>#
#....S..#
#..@..#
#......#
#..........
#.............
#..[..?.......
####.....#....
##........#
##.####### ..


You could see an adder.

Vanquished Creatures
  A dart slug (D:1)
  2 leopard geckos (D:1)
  2 goblins (D:1)
  4 hobgoblins (D:1)
  A ball python (D:1)
  3 bats (D:1)
  3 frilled lizards (D:1)
  4 kobolds (D:1)
  4 rats (D:1)
24 creatures vanquished.

Notes
Turn   | Place    | Note
-------+----------+-------------------------------------------
     0 | D:1      | Esekla the Spriggan Artificer began the quest for the Orb.
     0 | D:1      | Reached XP level 1. HP: 9/9 MP: 4/4
   238 | D:1      | Reached XP level 2. HP: 11/14 MP: 6/6
  1124 | D:2      | Slain by an adder

Levels and vault maps discovered:
D:1:      lemuel_arrival_lava_pool, layout_loops_ring
D:2:      layout_rooms, first_ration

Skill      XL: |  1  2 |
---------------+-------+-----
Dodging        | 4 |  4.2
Stealth        | 2 |  2.1
Short Blades   | 2 |  2.1
Fighting       | |  0.7
Evocations     | |  4.0

Action                   || total
-------------------------++-------
Melee: Short sword       ||   102
       Dagger            ||    18
  Use: Scroll            ||     3
 Stab: Sleeping          ||     2
Armor: Robe              ||    10
Dodge: Dodged            ||    94

Table legend:
 A = Non-vault XP
 B = Vault XP
 C = Vault XP percentage of total XP
 D = Non-vault monster count
 E = Vault monster count
 F = Vault count percentage of total count
                 A         B        C        D         E       F
            +---------+---------+-------+---------+---------+-------
      Total |      40 |       0 |   0.0 |      24 |       0 |   0.0
            +---------+---------+-------+---------+---------+-------
        D:1 |      40 |       0 |   0.0 |      24 |       0 |   0.0
            +---------+---------+-------+---------+---------+-------
